[Event "*** Qualifier 2: Titled Tuesday 3|2 Blitz"]
[Site "Chess.com"]
[Date "2017.04.11"]
[Round "4"]
[White "Rating-Schmating"]
[Black "GMMelik"]
[Result "0-1"]
[WhiteElo "2254"]
[BlackElo "2499"]
[TimeControl "180+2"]
[EndTime "13:51:21 PDT"]
[Termination "GMMelik won by resignation"]

1. e4 e5 2. Nf3 Nc6 3. d4 exd4 4. Nxd4 Nf6 5. Nxc6 bxc6 6. e5 Qe7 7. Qe2 Nd5 8. c4 Ba6 9. Nd2 Nb4 10. Nf3 c5 11. Bf4 d5 12. a3 Bxc4 13. Qd2 Bxf1 14. Kxf1 Nc6 15. Qxd5 Qe6 16. Qxe6+ fxe6 17. Ke2 Rb8 18.
Rab1 Be7 19. Rhc1 Rf8 20. Be3 Rf5 21. Bxc5 Nxe5 22. Bxe7 Nxf3 23. gxf3 Kxe7 24. Rxc7+ Kf6 25. Rxa7 Rb3 26. a4 Rbxf3 27. b4 Rxf2+ 28. Ke3 Rxh2 29.
b5 Rh3+ 30. Ke2 Rh2+ 31. Ke3 Rh3+ 32. Kd4 Rh4+ 33. Kd3 Rf3+ 34. Ke2 Ra3 35. Rf1+ Ke5 36. Kf2 Raxa4 37. Rxg7 Raf4+ 38. Kg2 Rhg4+ 39. Rxg4 Rxg4+ 40. Kh3 Rb4 41. Re1+ Kd6 42. Rd1+ Ke7 43. Rd3 Rxb5 44. Kg4 Rf5 45. Ra3 h5+ 46. Kh4 Kf6 47. Ra6 Rf1 48. Kxh5 Rg1 49. Ra8 Kf5 50. Rf8+ Ke4 51. Kh4 e5 52.
Kh3 Ke3 53. Kh2 Rg7 54. Rf6 e4 55. Re6 Kf3 56. Rf6+ Ke2 57. Rf8 e3 58. Rd8 Ke1 59.
Kh1 e2 60. Kh2 Rg5 61. Kh3 Kf2 62. Rf8+ Ke3 63. Re8+ Kf3 64. Kh4 Rg4+ 65. Kh3 Re4 66. Rf8+ Ke3 0-1

[Event "*** Qualifier 2: Titled Tuesday 3|2 Blitz"]
[Site "Chess.com"]
[Date "2017.04.11"]
[Round "4"]
[White "Buffy7"]
[Black "Bigfish1995"]
[Result "0-1"]
[WhiteElo "2518"]
[BlackElo "2654"]
[TimeControl "180+2"]
[EndTime "13:51:25 PDT"]
[Termination "Bigfish1995 won by resignation"]

1. d4 Nf6 2. c4 e6 3. Nf3 b6 4. g3 Ba6 5. Qc2 Bb7 6. Bg2 Bb4+ 7.
Bd2 a5 8. O-O O-O 9. Bg5 Nc6 10.
a3 Be7 11. Nc3 h6 12. Bf4 d6 13. d5 Nb8 14. e4 Na6 15. h3 Qc8 16. Rfe1 Re8 17.
Rad1 Bf8 18. e5 dxe5 19. Bxe5 Nh7 20. dxe6 Rxe6 21. Nd5 Re8 22. Nd4 Ng5 23. f4 Ne6 24.
f5 Nxd4 25. Bxd4 Rxe1+ 26. Rxe1 Bxd5 27. cxd5 Bd6 28. f6 g6 29. Qd2 Kh7 30. Re7 Qf8 31.
Qe3 Rc8 32. h4 h5 33. Bh3 Rd8 34. g4 hxg4 35. Bxg4 Bc5 36. Bxc5 Nxc5 37. Be6 Nxe6 38. dxe6 Rd1+ 39. Kh2 Qd8 40. Rxf7+ Kg8 41. e7 Qd6+ 42. Kh3 Qd7+ 43. Kg3 Qd6+ 44. Kg4 Rd4+ 45. Kg5 Qd5+ 46. Kxg6 Qxf7+ 47. Kf5 Rd5+ 48. Kf4 Qxf6+ 49. Kg3 Qe5+ 0-1

[Event "*** Qualifier 2: Titled Tuesday 3|2 Blitz"]
[Site "Chess.com"]
[Date "2017.04.11"]
[Round "4"]
[White "rpragchess"]
[Black "Th3ChessViking"]
[Result "1-0"]
[WhiteElo "2223"]
[BlackElo "2271"]
[TimeControl "180+2"]
[EndTime "13:51:27 PDT"]
[Termination "rpragchess won on time"]

1. e4 e6 2. d4 d5 3. Nd2 Nf6 4. e5 Nfd7 5. Bd3 c5 6. c3 Nc6 7.
Ngf3 g6 8. h4 h6 9. Bc2 Bg7 10.
O-O O-O 11. Qe2 f5 12. Rd1 b6 13. Nf1 a5 14. Bd3 Bb7 15. Ne3 Qe7 16. g3 Rac8 17. a3 cxd4 18. cxd4 a4 19. Bd2 f4 20. Ng2 fxg3 21.
fxg3 Rxf3 22. Qxf3 Nxd4 23. Qe3 Nxe5 24. Rf1 Ng4 25.
Qe1 e5 26. Bxg6 e4 27. Rc1 Rf8 28. Nf4 Qd6 29. Bb4 Qe5 30. Bxf8 Bxf8 31. Nd3 exd3 32. Bxd3 Bc5 33. Kg2 Nb3 34. Qxe5 Nxe5 35. Rcd1 Be3 36. g4 d4+ 37. Kg3 Nd2 38. Rxd2 Bxd2 39. Bb5 Kg7 40. Bxa4 Be3 41. Bb5 Bd5 42. Rf5 Nf7 43. Rxd5 1-0

[Event "*** Qualifier 2: Titled Tuesday 3|2 Blitz"]
[Site "Chess.com"]
[Date "2017.04.11"]
[Round "4"]
[White "Saitama_Hero"]
[Black "evgenysharapov"]
[Result "0-1"]
[WhiteElo "2171"]
[BlackElo "2292"]
[TimeControl "180+2"]
[EndTime "13:51:28 PDT"]
[Termination "evgenysharapov won by resignation"]

1. d4 d5 2. c4 c6 3. cxd5 cxd5 4.
Nc3 Nf6 5. f3 Nc6 6. e4 e6 7. e5 Nd7 8. f4 Be7 9. Nf3 O-O 10. Be3 Nb6 11. Bd3 Nc4 12. Bxc4 dxc4 13. d5 exd5 14. Nxd5 Be6 15. Nxe7+ Qxe7 16. O-O Rfd8 17.
Qe1 Rd3 18. Qf2 Rad8 19. f5 Bxf5 20. Bg5 f6 21. exf6 gxf6 22. Rae1 Qf7 23. Nh4 fxg5 24. Nxf5 Kh8 25. h4 Nd4 26. hxg5 Nxf5 27. Qxf5 Qxf5 28. Rxf5 Rd1 29. Rxd1 Rxd1+ 30. Kh2 Rd2 31. Rc5 Rxb2 32. Rxc4 Kg7 33. a4 Kg6 34. Rc7 Rb4 35. Kh3 a5 36. g4 Kxg5 37. Rxh7 Rb3+ 38. Kg2 Kxg4 39. Rg7+ Kf4 40.
Rf7+ Ke4 41. Re7+ Kd4 42. Rd7+ Kc4 43. Rc7+ Kd4 44. Rd7+ Kc3 45. Rc7+ Kb2 46. Kf2 Ka3 47. Ke2 Kxa4 48. Kd2 b5 49. Kc2 Rh3 50. Ra7 b4 51.
Kb2 Rh2+ 52. Kc1 Kb5 53. Rb7+ Kc4 54. Rc7+ Kb3 55. Ra7 a4 56. Kd1 a3 57. Ke1 a2 58.
Kf1 Kb2 0-1

[Event "*** Qualifier 2: Titled Tuesday 3|2 Blitz"]
[Site "Chess.com"]
[Date "2017.04.11"]
[Round "4"]
[White "talaicito"]
[Black "MFBerna"]
[Result "0-1"]
[WhiteElo "2027"]
[BlackElo "2125"]
[TimeControl "180+2"]
[EndTime "13:51:28 PDT"]
[Termination "MFBerna won on time"]

1. e4 e5 2. Nf3 Nc6 3. Bb5 a6 4.
Ba4 Nf6 5. O-O Be7 6. Re1 b5 7. Bb3 O-O 8. d3 d6 9. c3 Na5 10. Bc2 c5 11. Nbd2 Nc6 12. Nf1 h6 13. h3 Re8 14. a4 b4 15. Ne3 Bf8 16. Bb3 g6 17. Nh2 Bg7 18. Nhg4 Nxg4 19. hxg4 Be6 20. Bxe6 fxe6 21.
f3 Qd7 22. Kf2 Rab8 23. g5 h5 24. g4 h4 25. Rh1 Kf7 26. Rxh4 Rh8 27. Qh1 Rxh4 28.
Qxh4 Rh8 29. Qg3 d5 30. Bd2 d4 31. f4 dxe3+ 32. Qxe3 exf4 33. Qxf4+ Ke7 34. Kg2 Qxd3 35. Be3 Be5 36. Bxc5+ Ke8 37. Qe3 Rh2+ 38. Kg1 Qxe3+ 39. Bxe3 Rxb2 40. cxb4 Rxb4 41. Rc1 Nd4 42. Rc8+ Kd7 43. Ra8 Rb2 44. Ra7+ Kc6 45. Rxa6+ Kb7 46. Ra5 Nf3+ 47. Kf1 Bg3 48. Rb5+ Rxb5 49. axb5 Be5 50. Ke2 Nh2 51. Kf2 Nxg4+ 52. Ke2 Nxe3 53. Kxe3 Kb6 54. Kd3 Kxb5 55. Ke3 Kc4 56. Ke2 Kd4 57. Kf3 Kd3 0-1

[Event "*** Qualifier 2: Titled Tuesday 3|2 Blitz"]
[Site "Chess.com"]
[Date "2017.04.11"]
[Round "4"]
[White "RobertoJBM"]
[Black "MITerryble"]
[Result "0-1"]
[WhiteElo "2425"]
[BlackElo "2659"]
[TimeControl "180+2"]
[EndTime "13:51:33 PDT"]
[Termination "MITerryble won on time"]

1. d4 e6 2. c4 Bb4+ 3. Bd2 Qe7 4.
Nf3 Nf6 5. g3 Nc6 6. Bg2 Bxd2+ 7. Nbxd2 d6 8. O-O O-O 9. Re1 e5 10. d5 Nb8 11. e4 a5 12. Qc2 Na6 13. Nf1 Nc5 14. N3d2 Bd7 15. Ne3 g6 16. b3 Ng4 17.
Nxg4 Bxg4 18. a3 Bd7 19. b4 Na6 20. Qc3 Ra7 21. Nb3 axb4 22. axb4 Rfa8 23. c5 Bb5 24. Bf1 Bxf1 25. Kxf1 Qd7 26. Qc4 Nb8 27. Rxa7 Rxa7 28.
b5 Qh3+ 29. Kg1 Nd7 30. cxd6 cxd6 31. Qc7 Ra3 32. Qc8+ Kg7 33. Nd2 h5 34. Rc1 h4 35.
Nc4 hxg3 36. hxg3 Rxg3+ 37. fxg3 Qxg3+ 38. Kh1 Qh4+ 39. Kg2 Qxe4+ 40. Kh3 Qf3+ 41. Kh2 Qf4+ 42. Kg2 Qxc1 43. Qxd7 Qxc4 44. Qxd6 Qe4+ 45. Kf2 Qd4+ 46.
Kg2 e4 47. Qd7 e3 48. Kf3 Qd3 49. Qe8 Qxd5+ 50. Kxe3 Qe6+ 0-1

[Event "*** Qualifier 2: Titled Tuesday 3|2 Blitz"]
[Site "Chess.com"]
[Date "2017.04.11"]
[Round "4"]
[White "justantan"]
[Black "LawrenceTrent"]
[Result "0-1"]
[WhiteElo "2224"]
[BlackElo "2403"]
[TimeControl "180+2"]
[EndTime "13:51:36 PDT"]
[Termination "LawrenceTrent won by resignation"]

1. e4 g6 2. d4 Bg7 3. Nc3 a6 4.
Be3 b5 5. Qd2 Bb7 6. f3 d6 7.
O-O-O Nd7 8. h4 h6 9. Kb1 c5 10.
dxc5 Nxc5 11. Nxb5 Nxe4 12. fxe4 axb5 13. Bxb5+ Kf8 14.
Bd3 Nf6 15. Bd4 e5 16. Bc3 Nxe4 17. Bxe4 Bxe4 18. Nf3 Ke7 19. Rhe1 f5 20. Bb4 Ra6 21. h5 g5 22. Qc3 Qc8 23. Nxe5 Qxc3 24. Ng6+ Kd7 25. Bxc3 Bxc3 26. bxc3 Rb8+ 27. Kc1 Rxa2 28. Ne5+ Kc7 29. Nd3 Rb5 30. Nb4 Rxb4 31. cxb4 Rxc2+ 32. Kb1 Rxg2+ 33. Ka1 d5 34. Rc1+ Kb6 35. Rc8 f4 36.
Rec1 f3 37. Rb8+ Ka7 38. Rcc8 d4 39. b5 f2 40. b6+ Ka6 41. Rf8 Rg1+ 42. Kb2 f1=Q 43.
Rxf1 Rxf1 44. Rh8 Rf6 45. Rd8 Rxb6+ 46. Kc1 Rb1+ 47. Kd2 Rb2+ 48. Kc1 Rc2+ 49. Kd1 d3 50. Rd6+ Kb5 51. Rf6 g4 52. Rf4 Bf3+ 53. Ke1 d2+ 54. Kf2 d1=Q+ 0-1

[Event "*** Qualifier 2: Titled Tuesday 3|2 Blitz"]
[Site "Chess.com"]
[Date "2017.04.11"]
[Round "4"]
[White "Infernal_XaM"]
[Black "Gabix_94"]
[Result "1-0"]
[WhiteElo "2742"]
[BlackElo "2514"]
[TimeControl "180+2"]
[EndTime "13:51:54 PDT"]
[Termination "Infernal_XaM won by resignation"]

1. d4 Nf6 2. Nf3 e6 3. b3 c5 4. e3 b6 5. Bb2 Bb7 6. Bd3 Be7 7. O-O O-O 8. Nbd2 Nc6 9. a3 Rc8 10. Qe2 Rc7 11. e4 Nxd4 12. Nxd4 cxd4 13. Nf3 d5 14. e5 Ne4 15. Bxd4 Bc5 16. Bb2 Qa8 17. b4 Be7 18. Bd4 Qd8 19. Rfe1 f5 20.
exf6 Bxf6 21. Qe3 Rcf7 22. Rad1 Bxd4 23. Nxd4 Nxf2 24. Nxe6 Qh4 25. Nxf8 Nxd1 26. Rxd1 Rxf8 27. Rf1 Rxf1+ 28. Bxf1 Qd8 29. Qe6+ Kf8 30. Bd3 g6 31. Qe5 Kf7 32. c3 a5 33. Be2 axb4 34. axb4 Bc6 35. Bf3 Qd7 36. Qf4+ Kg7 37. Qd4+ Kf7 38. Qxb6 Qe6 39.
Kf2 Qf6 40. Qc5 Kg7 41. h3 h5 42. Qa7+ Kh6 43. Qe3+ Kh7 44. Qd4 Qe7 45. Bxd5 Bxd5 46. Qxd5 Qh4+ 47. Ke2 Qg3 48. Qf3 Qe5+ 49. Kd3 Qd6+ 50.
Kc2 Qa6 51. Kb2 Kh6 52. Qd5 Qe2+ 53. Kb3 Qe1 54. Qd3 Kg5 55. b5 Kf4 56. Qxg6 Qe2 57.
Qd6+ Kg5 58. Qd5+ Kh4 59. Qc4+ 1-0

[Event "*** Qualifier 2: Titled Tuesday 3|2 Blitz"]
[Site "Chess.com"]
[Date "2017.04.11"]
[Round "4"]
[White "Cayse"]
[Black "Hikaru"]
[Result "0-1"]
[WhiteElo "2606"]
[BlackElo "2915"]
[TimeControl "180+2"]
[EndTime "13:51:57 PDT"]
[Termination "Hikaru won on time"]

1. e4 c5 2. Nf3 Nc6 3. d4 cxd4 4. Nxd4 Nf6 5. Nc3 d6 6. Be3 e5 7. Nb3 Be6 8. Qe2 a5 9. O-O-O a4 10. Nc5 a3 11. b3 Qa5 12. N5a4 Be7 13. Qb5 O-O 14.
Qxa5 Rxa5 15. f3 Nb4 16. Bd2 Rc8 17. Kb1 Rc6 18. Bb5 Rc7 19. Be2 d5 20. Nb5 Rc6 21. c3 Rxa4 22. bxa4 Na6 23. exd5 Nxd5 24. Bc1 Nxc3+ 25.
Nxc3 Rxc3 26. Bd2 Bf5+ 27. Ka1 Rc2 28. Bxa6 bxa6 29. Be3 e4 30. fxe4 Bxe4 31. Bd4 f5 32. Rhe1 Kf7 33. g4 Bf3 34. Rc1 Rxc1+ 35. Rxc1 fxg4 36.
Rc7 Ke6 37. Bxg7 Bd6 38. Rc2 h5 39. Bd4 h4 40. Rf2 Be4 41. Re2 Kd5 42. Bf6 g3 43. hxg3 hxg3 44. Rd2+ Ke6 45. Re2 Kxf6 46. Rxe4 Kf5 47.
Re2 Bc5 48. Kb1 Bf2 49. Kc2 Kf4 50. Kb3 Kf3 51. Re8 g2 52. Rf8+ Ke2 53. Rg8 g1=Q 54. Rxg1 Bxg1 55. Kxa3 Kd3 56. Kb4 Bb6 57. a5 Bd4 58. a3 Bc3+ 59. Ka4 Bd2 60. Kb3 Bxa5 61. Ka4 Bc3 62. Kb3 Kd2 0-1

[Event "*** Qualifier 2: Titled Tuesday 3|2 Blitz"]
[Site "Chess.com"]
[Date "2017.04.11"]
[Round "4"]
[White "XDPS"]
[Black "Kacparov"]
[Result "0-1"]
[WhiteElo "2562"]
[BlackElo "2589"]
[TimeControl "180+2"]
[EndTime "13:52:17 PDT"]
[Termination "Kacparov won by resignation"]

1. e4 c5 2. Nf3 e6 3. d4 cxd4 4.
Nxd4 a6 5. c4 Nf6 6. Nc3 Qc7 7.
a3 b6 8. Be2 Bb7 9. f3 d6 10.
O-O Nbd7 11. Kh1 Be7 12. Be3 O-O 13. Rc1 Rac8 14. b4 Rfe8 15. Bg1 Qb8 16. Rc2 Bd8 17.
Qb1 Bc7 18. Rfc1 g5 19. Nb3 Ne5 20. c5 dxc5 21. bxc5 b5 22. a4 Bc6 23. axb5 axb5 24. Nd4 b4 25. Ncb5 Bxb5 26. Bxb5 Red8 27. Ba6 Rxd4 28. Bxd4 Rd8 29. Bg1 g4 30. Be2 gxf3 31. gxf3 Nc6 32. Rd1 Rxd1 33. Qxd1 Be5 34. Bc4 Kh8 35. Rd2 Bf4 36. Rg2 Ne5 37. Bb3 Ng6 38. c6 Qc7 39. Ba4 Be5 40. Rd2 Kg7 41. Qb3 Bc3 42.
Rd3 Ne5 43. Rxc3 bxc3 44. Qxc3 Ng6 45. Bd4 e5 46. Bf2 Nf4 47. Qc5 Ne8 48. Bg3 h6 49. Bxf4 exf4 50. Qf5 Nf6 51. Bb5 Qd6 52. e5 Qd1+ 53.
Kg2 Nd5 54. Qe4 Ne3+ 55. Kf2 Qd2+ 56. Be2 Nc2 57. c7 Qe1+ 58. Kg2 Ne3+ 59. Kh3 Qxe2 60.
Qxf4 Qf1+ 61. Kg3 Qg1+ 62. Kh4 Ng2+ 63. Kg4 Nxf4+ 64. Kxf4 Qc5 65. c8=Q 0-1

[Event "*** Qualifier 2: Titled Tuesday 3|2 Blitz"]
[Site "Chess.com"]
[Date "2017.04.11"]
[Round "4"]
[White "wonderfultime"]
[Black "GrigorGrigorov"]
[Result "1-0"]
[WhiteElo "2683"]
[BlackElo "2495"]
[TimeControl "180+2"]
[EndTime "13:52:22 PDT"]
[Termination "wonderfultime won on time"]

1. d4 Nf6 2. c4 e6 3. Nc3 Bb4 4. e3 O-O 5. Ne2 d5 6. a3 Be7 7. cxd5 exd5 8. Ng3 c5 9. dxc5 Bxc5 10. b4 Bb6 11. Na4 Bc7 12. Bb2 Nc6 13. Be2 Ne5 14.
O-O a5 15. b5 Be6 16. Bd4 Bd6 17. Qb3 Nc4 18. Rfd1 Qe7 19. Bxc4 dxc4 20. Qb2 Rfd8 21. Nb6 Rab8 22. Rdc1 Ng4 23. Nf1 Qg5 24. Nxc4 Bf8 25.
Nxa5 Bd5 26. f3 Nh6 27. Ng3 Bd6 28. Qf2 Ra8 29. Nc4 Bxc4 30. Rxc4 Bxa3 31. b6 Bf8 32. Rac1 Nf5 33. Nxf5 Qxf5 34. Rc7 Qd5 35. Qg3 Re8 36. h4 h5 37. R1c5 Qb3 38. Rg5 Qb1+ 39. Kh2 Qh7 40. Qf4 g6 41. Rxb7 Rad8 42. Be5 Rxe5 43. Rxe5 Bd6 44. Re8+ Kg7 45. Rxd8 Bxf4+ 46. exf4 g5 47. Rdd7 Qb1 48. Rxf7+ Kg8 49. fxg5 Qe1 50. Rf4 Qe5 51. Rf7 1-0

[Event "*** Qualifier 2: Titled Tuesday 3|2 Blitz"]
[Site "Chess.com"]
[Date "2017.04.11"]
[Round "4"]
[White "igorkovalenko"]
[Black "ViIIagra"]
[Result "1/2-1/2"]
[WhiteElo "2649"]
[BlackElo "2501"]
[TimeControl "180+2"]
[EndTime "13:52:28 PDT"]
[Termination "Game drawn by agreement"]

1. c4 Nf6 2. Nc3 c5 3. g3 Nc6 4.
Bg2 g6 5. a3 Bg7 6. Rb1 O-O 7. b4 d6 8. d3 Qd7 9. Bd2 Rb8 10. Qa4 cxb4 11. axb4 a6 12. Nf3 b5 13.
cxb5 axb5 14. Nxb5 Nd5 15. O-O Ncxb4 16. Bxb4 Qxb5 17. Qxb5 Rxb5 18. Bd2 Rxb1 19. Rxb1 Nc3 20. Bxc3 Bxc3 21. Ng5 Bg4 22. Bf3 Bf5 23. g4 Bf6 24. Nh3 Bd7 25. Nf4 e6 26. Rb7 Rd8 27. e3 d5 28. d4 Be8 29. Nd3 Ra8 30. Kg2 Kg7 31.
Nc5 Kf8 32. Nd3 h6 33. Kg3 Be7 34. h4 Bd6+ 35. Kg2 Rb8 36. Ra7 Rb3 37. Ne5 Ra3 38.
Rb7 Bxe5 39. dxe5 Ra4 40. Kg3 Kg7 41. g5 hxg5 42. hxg5 Ra5 43. Be2 Ra4 44. Rb8 Bc6 45.
Rc8 Bd7 46. Rc7 Be8 47. f4 Ra3 48. Kf2 Ra2 49. Kf3 Ba4 50. Ra7 Bb3 51. Rxa2 Bxa2 52. Bb5 Kf8 53. Ke2 Ke7 54. Kd2 Bb1 55. Kc3 Bf5 56.
Kd4 Bh3 57. Kc5 Bg2 58. Bd3 Bf3 59. Bf1 Bh1 60. Bb5 Be4 61. Kd4 Bf3 62. Bd3 Bg2 63.
Kc3 Bf3 64. Kd2 Bg4 65. Ke1 Kd7 66. Kf2 Bd1 67. Ke1 Ba4 68. Kd2 Ke7 69. Kc3 Bd1 70.
Kd2 Ba4 71. Be2 Bb3 72. Kc3 Ba4 73. Kb4 Bc2 74. Bf3 Bd3 75. Kc5 Bc2 76. Be2 1/2-1/2

[Event "*** Qualifier 2: Titled Tuesday 3|2 Blitz"]
[Site "Chess.com"]
[Date "2017.04.11"]
[Round "4"]
[White "3f32"]
[Black "DiogenesSinopeus"]
[Result "0-1"]
[WhiteElo "2391"]
[BlackElo "2278"]
[TimeControl "180+2"]
[EndTime "13:52:29 PDT"]
[Termination "DiogenesSinopeus won by resignation"]

1. d4 Nf6 2. c4 e6 3. Nc3 Bb4 4. f3 O-O 5. a3 Bxc3+ 6. bxc3 c5 7. e4 Ne8 8. Bd3 Nc6 9. Be3 b6 10. Ne2 Ba6 11. Qa4 Na5 12. Rd1 Rc8 13. O-O cxd4 14.
Nxd4 Bxc4 15. Nb5 a6 16. Na7 b5 17. Qb4 Nc6 18. Nxc6 Rxc6 19. Rf2 Qc7 20. Rfd2 d5 21.
Bxc4 Rxc4 22. Qb2 Nf6 23. Bd4 dxe4 24. Bxf6 gxf6 25. fxe4 Rxc3 26. Rd3 Qc5+ 27. Kh1 Rxd3 28. Rxd3 Rc8 29. Qe2 Qc1+ 30. Rd1 Qc2 31. Qg4+ Kf8 32. h3 Ke7 33. Rf1 Qc3 34. Rf3 Qe5 35. Rf1 Rc4 36.
Qg8 Qc7 37. Qxh7 Rc1 38. Rxc1 Qxc1+ 39. Kh2 Qxa3 40. h4 Qe3 41. h5 b4 42. h6 b3 43. Qh8 b2 44. Qb8 Qxh6+ 45. Kg3 Qe3+ 46.
Kh2 Qf4+ 47. Qxf4 b1=Q 48. Qc7+ Kf8 49. Qc8+ Kg7 50. Qxa6 Qxe4 51. Qc8 f5 52. Qd8 Qe5+ 53. g3 Qf6 54. Qd2 Qh6+ 55. Qxh6+ Kxh6 56. Kg2 Kg5 57. Kf3 e5 58. Kg2 Kg4 59. Kf2 e4 60. Kg2 f4 61.
gxf4 Kxf4 62. Kf2 e3+ 63. Ke2 Ke4 64. Ke1 f5 65. Kf1 f4 66. Ke2 f3+ 67. Ke1 Kd3 68.
Kf1 Kd2 69. Kg1 e2 70. Kh2 e1=Q 71. Kh3 Qg1 72. Kh4 0-1

[Event "*** Qualifier 2: Titled Tuesday 3|2 Blitz"]
[Site "Chess.com"]
[Date "2017.04.11"]
[Round "4"]
[White "Abrito99"]
[Black "SmoothAsAHedgehog"]
[Result "0-1"]
[WhiteElo "2322"]
[BlackElo "2524"]
[TimeControl "180+2"]
[EndTime "13:52:36 PDT"]
[Termination "SmoothAsAHedgehog won on time"]

1. e4 e5 2. Nf3 Nc6 3. Bc4 Bc5 4.
d3 Nf6 5. O-O O-O 6. Re1 Bb6 7.
a4 d6 8. h3 h6 9. c3 a6 10.
Nbd2 Ne7 11. Nf1 Ng6 12. Ng3 Nh7 13. d4 Qf6 14. Nh5 Qe7 15. Be3 Ng5 16. Nxg5 hxg5 17.
Ng3 Nf4 18. Nf5 Qf6 19. dxe5 dxe5 20. Bxb6 cxb6 21. Ne3 Be6 22. Ng4 Bxg4 23. Qxg4 Rfd8 24. Rad1 Qe7 25. g3 Ng6 26. Qf5 Nf8 27. Rd5 Rxd5 28. exd5 Re8 29. d6 Qf6 30. d7 Rd8 31. Rxe5 Qxf5 32. Rxf5 Rxd7 33. Rxg5 Rd2 34. b3 Rc2 35. Re5 Rxc3 36. Re7 Ne6 37. Rxb7 b5 38. axb5 axb5 39.
Rxb5 Nd4 40. Rb7 Nf3+ 41. Kg2 Ne5 42. Bd5 Kf8 43. f4 Rc2+ 44. Kf1 Nd3 45. Rxf7+ Ke8 46.
Rxg7 Rf2+ 47. Kg1 Rd2 48. Bc4 Ne1 49. Kf1 Nf3 50. h4 Nh2+ 51. Ke1 Nf3+ 52. Kf1 Nh2+ 53. Ke1 Nf3+ 54. Kf1 Nh2+ 55. Ke1 Nf3+ 0-1

[Event "*** Qualifier 2: Titled Tuesday 3|2 Blitz"]
[Site "Chess.com"]
[Date "2017.04.11"]
[Round "4"]
[White "johnathan113"]
[Black "Fandorine"]
[Result "0-1"]
[WhiteElo "2433"]
[BlackElo "2675"]
[TimeControl "180+2"]
[EndTime "13:52:43 PDT"]
[Termination "Fandorine won on time"]

1. e4 c6 2. Nc3 d5 3. Qf3 d4 4. Bc4 Nf6 5. e5 dxc3 6. exf6 exf6 7. dxc3 Bd6 8. Be3 Nd7 9. O-O-O Ne5 10. Qe4 Qe7 11.
Bb3 O-O 12. Nf3 Ng4 13. Qxe7 Bxe7 14. Rhe1 Nxe3 15. Rxe3 Bc5 16. Nd4 Bd7 17. Bc4 Rfe8 18. Rxe8+ Rxe8 19. Nb3 Bg4 20. Nxc5 Bxd1 21. Kxd1 b6 22.
Nb3 f5 23. Nd4 Rd8 24. Ke2 Re8+ 25. Kf3 g6 26. Nxc6 a5 27. Nd4 Kg7 28. a4 h5 29. h4 Re1 30. g3 Kf6 31. Nb5 Ke7 32. Nc7 Kd6 33. Nd5 Kc5 34. b3 b5 35. axb5 a4 36. b6 a3 37. b7 Re8 38. Nb4 Kb6 39.
Bxf7 Rd8 40. Bd5 Kc7 41. Kf4 a2 42. Nxa2 Rxd5 43. Nb4 Rd2 44. Kg5 Rxf2 45. Kxg6 Rf3 46. Kxh5 Rxg3 47. Nc6 Kxb7 48. Nd4 f4 49. Kh6 f3 50. c4 f2 0-1

[Event "*** Qualifier 2: Titled Tuesday 3|2 Blitz"]
[Site "Chess.com"]
[Date "2017.04.11"]
[Round "4"]
[White "rst2003"]
[Black "Aragon"]
[Result "1-0"]
[WhiteElo "2121"]
[BlackElo "2127"]
[TimeControl "180+2"]
[EndTime "13:52:43 PDT"]
[Termination "rst2003 won by resignation"]

1. e4 d5 2. exd5 Qxd5 3. Nc3 Qd6 4. d4 c6 5. g3 Nf6 6. Bg2 Bg4 7. Nge2 e6 8. h3 Bf5 9. O-O Qd8 10. Bf4 Bd6 11. Qd2 Bxf4 12. Nxf4 Nbd7 13. Rfe1 O-O 14. Rad1 Qb6 15.
g4 Bg6 16. b3 Qc7 17. Nxg6 hxg6 18. Ne2 Rfd8 19. Ng3 a5 20. c4 a4 21. g5 Nh7 22.
h4 axb3 23. axb3 Qb6 24. Qc2 Ra3 25. Re3 Rc8 26. Bh3 Ndf8 27. Rf3 Rd8 28. Ne2 Qa5 29. Qe4 Qb4 30. Qf4 Qe7 31. Ng3 e5 32. Qe4 Qd6 33.
Rfd3 f5 34. Qxe5 Qxe5 35. dxe5 Rxd3 36. Rxd3 Kf7 37. Ne2 c5 38. Nf4 Ra1+ 39. Kh2 Ke7 40. Bg2 Ra7 41. Kg3 b6 42. Rd6 Ra6 43. Bb7 Ra3 44. Rxb6 Nd7 45. Nd5+ Kd8 46. Rb5 Nhf8 47. f4 Ne6 48. Bc6 Nd4 49. Bxd7 Kxd7 50. Rb7+ Kd8 51.
h5 gxh5 52. Rxg7 Rxb3+ 53. Kh4 Ne6 54. Rg8+ Kd7 55. Kxh5 Rd3 56. Kg6 Rd4 57. Kf6 Nxf4 58.
Nxf4 Rxf4 59. g6 Rxc4 60. e6+ Kc6 61. e7 Re4 62. e8=Q+ 1-0

[Event "*** Qualifier 2: Titled Tuesday 3|2 Blitz"]
[Site "Chess.com"]
[Date "2017.04.11"]
[Round "4"]
[White "FelixBlohberger"]
[Black "afgano29"]
[Result "1-0"]
[WhiteElo "2236"]
[BlackElo "2373"]
[TimeControl "180+2"]
[EndTime "13:52:51 PDT"]
[Termination "FelixBlohberger won by resignation"]

1. c4 Nf6 2. Nc3 d5 3. cxd5 Nxd5 4. Nf3 g6 5. h4 Bg7 6. h5 Nc6 7. e4 Nxc3 8. dxc3 Qxd1+ 9. Kxd1 Bg4 10. hxg6 hxg6 11.
Rxh8+ Bxh8 12. Kc2 a6 13. Be3 Rd8 14. Bc4 b5 15.
Bd5 Bd7 16. a4 e6 17. axb5 axb5 18. Bb3 b4 19. Rh1 Bf6 20. Bg5 Bxg5 21. Nxg5 bxc3 22. bxc3 Ke7 23. Rh7 Rf8 24. f4 Na5 25. e5 Nxb3 26.
Kxb3 Bc6 27. g3 Bd5+ 28. c4 Bc6 29. Kb4 Bd7 30. Kc5 Be8 31. Rh1 Bd7 32. Rh7 Ba4 33. Rg7 Bd7 34. Rh7 Ba4 35. Rh1 Bd7 36. Ra1 Rh8 37. Ra7 Rc8 38. Ne4 Be8 39. Nf6 Bd7 40.
Rb7 Ba4 41. Ra7 Bd7 42. g4 Kd8 43. Ra1 Ke7 44. Nxd7 Kxd7 45. Rd1+ Ke7 46. Kc6 Kf8 47. Rd7 Ra8 48. Kxc7 Ra4 49. Rd4 Ke7 50. g5 Ra7+ 51.
Kb6 Ra1 52. c5 Rb1+ 53. Kc7 Rb2 54. c6 Rb3 55. Kc8 Ke8 56. c7 Rb6 57. Rd6 Rb4 58.
Rd8+ Ke7 59. Rd7+ Ke8 60. Rd6 Ke7 61. Ra6 Ke8 62. Ra7 f5 63. gxf6 g5 64. fxg5 Kf7 65. Rb7 Ra4 66. Kb8 1-0

[Event "*** Qualifier 2: Titled Tuesday 3|2 Blitz"]
[Site "Chess.com"]
[Date "2017.04.11"]
[Round "4"]
[White "DanielNaroditsky"]
[Black "feigelag"]
[Result "0-1"]
[WhiteElo "2765"]
[BlackElo "2191"]
[TimeControl "180+2"]
[EndTime "13:53:03 PDT"]
[Termination "feigelag won by resignation"]

1. e4 c5 2. Nf3 d6 3. d4 cxd4 4.
Nxd4 Nf6 5. Nc3 a6 6. h4 e5 7.
Nb3 Be6 8. f4 Qc7 9. f5 Bc4 10.
Bg5 Nbd7 11. Qf3 Be7 12. g4 h5 13. gxh5 b5 14. a3 Rc8 15. O-O-O Rxh5 16. Kb1 Rh8 17. Rg1 Nb6 18. Bd3 Na4 19. Nxa4 bxa4 20. Nd2 Bb5 21. c4 Bc6 22. Ka1 Rb8 23. Rb1 Qb7 24. Bc2 Kf8 25. Qe2 Qb6 26. Rg3 Nh5 27. Rc3 Bxg5 28. c5 dxc5 29. Nc4 Qd8 30. hxg5 Nf4 31. Qe3 Qd4 32. Qe1 Rh2 33. Rd1 Qf2 34. Qxf2 Rxf2 35. Nxe5 Bb5 36. Rxc5 Re8 37. Bb1 Rg2 38. Ba2 f6 39. g6 Rxe5 40. Rc7 Be8 41. Bb1 Re7 42. Rc8 Re2 43. Bc2 Rxc2 44. Rxc2 Rxe4 45. Rc7 Re7 46. Rxe7 Kxe7 47. Rd4 Ng2 48. Re4+ Kd8 49. Re2 Nh4 50. Rd2+ Bd7 51. Rd6 Nxf5 52. Rxa6 Ke7 53. Ra8 Nd4 54. Rg8 Ne6 55. Kb1 f5 56. Kc2 Kf6 57. Kc3 f4 58. Rh8 Kxg6 59. b4 axb3 60. Kxb3 f3 61. Kc4 f2 62.
Rh1 Ng5 63. Rf1 Ne4 64. Kd4 Bb5 65. Kxe4 Bxf1 66. Ke3 Ba6 67. Kxf2 Kf5 68. Kg3 g5 69. a4 g4 70. a5 Kg5 71. Kf2 Kf4 72. Kg2 g3 73.
Kg1 Kf3 74. Kh1 g2+ 0-1

[Event "*** Qualifier 2: Titled Tuesday 3|2 Blitz"]
[Site "Chess.com"]
[Date "2017.04.11"]
[Round "4"]
[White "Sanan_Sjugirov"]
[Black "pKiLz5Rn9b"]
[Result "1-0"]
[WhiteElo "2686"]
[BlackElo "2510"]
[TimeControl "180+2"]
[EndTime "13:53:03 PDT"]
[Termination "Sanan_Sjugirov won by resignation"]

1. d4 Nf6 2. Nf3 e6 3. Bg5 h6 4. Bh4 d5 5. Nbd2 c5 6. e3 Nc6 7. c3 Be7 8. Bd3 O-O 9. Qe2 cxd4 10.
exd4 Nh5 11. Bxe7 Qxe7 12. g3 Nf6 13. O-O Bd7 14. Ne5 Rab8 15. Rfe1 Ne8 16. Bc2 b5 17. Qd3 Nf6 18. a3 a5 19. Ng4 g6 20.
Ne5 Ne8 21. b4 Nc7 22. Qe3 Kg7 23. Nb3 a4 24. Nc5 Be8 25. h4 Nd8 26. h5 g5 27.
Qd3 f5 28. Qe2 Nb7 29. Nxb7 Rxb7 30. Bd3 Rb6 31. Ra2 Rb8 32. Qd1 Na8 33. Be2 Nb6 34. Bf3 Rc8 35. Rc2 Qf6 36. Nd3 Nc4 37. Nc5 Bf7 38.
Qc1 Rfe8 39. Rce2 Rc6 40. Nd7 Qd8 41. Nc5 Rd6 42. Nb7 Qc7 43. Nxd6 Nxd6 44. Re5 Rc8 45. R5e3 Nc4 46. R3e2 Nd6 47. Rc2 Nc4 48. Be2 Nd6 49.
Bd1 Ne4 50. Bf3 Nf6 51. Qd1 g4 52. Be2 Nxh5 53. Bxb5 Nf6 54. Bd3 h5 55. Qd2 Kg6 56. Qe3 Rh8 57. Qe5 Qe7 58. c4 Qd7 59. c5 h4 60. c6 Qc8 61. c7 hxg3 62. fxg3 Rh3 63. Rh2 Nd7 64. Qf4 Nf6 65. Rc1 Ne8 66. Qxg4+ 1-0